 Dungeon Crawl Stone Soup version 0.23.1-37-gaa34b87 (webtiles) character file.

Game seed: 5517942331124866143

47 Borgoz the Cutter (level 3, -11/30 HPs)
             Began as a Ghoul Gladiator on Mar 22, 2019.
             Mangled by an ogre
             ... wielding a +0 giant spiked club
              (14 damage)
             ... on level 2 of the Dungeon.
             The game lasted 00:01:14 (1505 turns).

Borgoz the Cutter (Ghoul Gladiator)                 Turns: 1505, Time: 00:01:15

Health: -11/30     AC:  4    Str: 17    XL:     3   Next: 70%
Magic:  2/2        EV: 12    Int:  4    God:
Gold:   58         SH:  0    Dex: 10    Spells: 2/2 levels left

rFire    . . .     SeeInvis .   a - +0 rapier
rCold    + . .     Gourm    .   (no shield)
rNeg     + + +     Faith    .   b - +0 leather armour
rPois    ∞         Spirit   .   c - +0 helmet
rElec    .         Reflect  .   (no cloak)
rCorr    .         Harm     .   (no gloves)
MR       .....                  (no boots)
Stlth    +.........             (no amulet)
HPRegen  0.00/turn              (no ring)
MPRegen  0.08/turn              (no ring)

@: rotting
A: rotting body, claws 1, carnivore, cold resistance 1, negative energy
resistance 3, inhibited regeneration, torment resistance, unbreathing
a: no special abilities


You were on level 2 of the Dungeon.
You were not hungry.

You visited 1 branch of the dungeon, and saw 2 of its levels.

You collected 58 gold pieces.

Inventory:

Hand Weapons
 a - a +0 rapier (weapon)
Missiles
 d - 3 throwing nets (quivered)
Armour
 b - a +0 leather armour (worn)
 c - a +0 helmet (worn)
Scrolls
 h - a scroll of random uselessness {unknown}
 i - 4 scrolls of identify {unknown}
 j - a scroll of immolation {unknown}
 l - a scroll of remove curse {unknown}
 m - a scroll of enchant armour {unknown}
 n - 3 scrolls of teleportation {unknown}
 p - a scroll of fog {unknown}
Potions
 e - a potion of might {unknown}
 g - 2 potions of curing {unknown}
 k - a potion of invisibility {unknown}
 q - a potion of brilliance {unknown}
Comestibles
 f - 7 rations
 o - 5 chunks of flesh


   Skills:
 + Level 2.7 Fighting
 * Level 3.2 Short Blades
 - Level 1.7 Throwing
 * Level 1.4 Armour
 + Level 3.0 Dodging


You had 2 spell levels left.
You didn't know any spells.
Your spell library was empty.

Dungeon Overview and Level Annotations

Branches:
Dungeon (2/15)

Altars:
Hepliaklqana


Innate Abilities, Weirdness & Mutations

Your body is rotting away.
You thrive on raw meat.
You are immune to poison.
You have sharp fingernails.
You are carnivorous and can eat meat at any time.
Your flesh is cold resistant. (rC+)
You are immune to negative energy. (rN+++)
You do not regenerate when monsters are visible.
You are immune to unholy pain and torment.
You can survive without breathing.


Message History

The ogre is moderately wounded.
The ogre closely misses you. The hobgoblin hits you with a +0 club.
You hit the ogre.
The ogre is moderately wounded.
The ogre barely misses you. The hobgoblin hits you with a +0 club.
You are too injured to fight recklessly!
You are too injured to fight recklessly!
You are too injured to fight recklessly!
You are too injured to fight recklessly!
You hit the ogre but do no damage.
The ogre is moderately wounded.
The hobgoblin hits you with a +0 club.
You puncture the ogre!
The ogre is severely wounded.
The ogre hits you with a +0 giant spiked club!
* * * LOW HITPOINT WARNING * * *
You hit the ogre.
The ogre is severely wounded.
The ogre hits you with a +0 giant spiked club!
You die...

.. #.# . ######.###
# .### ≈≈≈≈≈≈... #
... ### #..# # #..
... #..# #
#..###.###.# #
#..Og#.#...##### ##
#.g.@#.#.#.....# #.
#.##.....#...#.# ##.
##†..###..# #..
#....## #..# #..
#.#..## #..#.####..
#.
#.######†.#.......
..
.........>#######. #
.#.##.##...######..
..............÷<....


You could see an ogre and 2 hobgoblins.

Vanquished Creatures
  2 adders (D:2)
  An ooze (D:2)
  A worm (D:2)
  A dart slug (D:1)
  2 bats
  A giant cockroach (D:2)
  3 hobgoblins
  4 jackals (D:1)
  2 frilled lizards (D:2)
  2 kobolds (D:1)
  3 rats
22 creatures vanquished.

Notes
Turn   | Place    | Note
-------+----------+-------------------------------------------
     0 | D:1      | Borgoz the Ghoul Gladiator began the quest for the Orb.
     0 | D:1      | Reached XP level 1. HP: 17/17 MP: 0/0
   240 | D:1      | Reached XP level 2. HP: 13/25 MP: 1/1
  1124 | D:2      | Reached skill level 1 in Armour
  1141 | D:2      | Reached XP level 3. HP: 16/30 MP: 2/2
  1259 | D:2      | Found a hazy altar of Hepliaklqana.
  1491 | D:2      | Noticed an ogre
  1505 | D:2      | Mangled by an ogre

Skill      XL: |  1  2  3 |
---------------+----------+-----
Short Blades   | 3 |  3.2
Armour         | 1 |  1.4
Dodging        | 3 |  3.0
Fighting       | |  2.7
Throwing       | |  1.7

Action                   || total
-------------------------++-------
Melee: Rapier            ||   111
  Eat: Chunk             ||     4
Armor: Leather armour    ||    28
Dodge: Dodged            ||    76
